 Dungeon Crawl Stone Soup version 0.25.1-2-g60ff931df9 (webtiles) character file.

Game seed: 6612059618882795593

7884 DerDa the Thaumaturge (level 11, -9/54 HPs)
             Began as a Deep Elf Conjurer on Aug 16, 2020.
             Was an Elder of Sif Muna.
             Mangled by a two-headed ogre
             ... wielding a +0 giant spiked club
              (16 damage)
             ... on level 9 of the Dungeon.
             The game lasted 00:33:22 (11634 turns).

DerDa the Thaumaturge (Deep Elf Conjurer)          Turns: 11634, Time: 00:33:23

Health: -9/54      AC:  6    Str:  8    XL:     11   Next: 2%
Magic:  5/28       EV: 18    Int: 24    God:    Sif Muna [****..]
Gold:   491        SH:  0    Dex: 15    Spells: 22/33 levels left

rFire    + . .     SeeInvis .   O - +8 spear of the Sage {speed, rF+ Str+3}
rCold    + . .     Gourm    .   (no shield)
rNeg     . . .     Faith    +   w - +1 robe {rC+}
rPois    +         Spirit   .   (no helmet)
rElec    .         Reflect  .   y - +2 cloak {rPois}
rCorr    .         Harm     .   (no gloves)
MR       ++...                  (no boots)
Stlth    ++........             z - amulet of faith
HPRegen  0.18/turn              Q - ring of protection from magic
MPRegen  0.21/turn              (no ring)

@: no status effects
A: no striking features
a: Channel Magic, Forget Spell, Divine Exegesis, Renounce Religion


You were on level 9 of the Dungeon.
You worshipped Sif Muna.
Sif Muna was greatly pleased with you.
You were not hungry.

You visited 2 branches of the dungeon, and saw 10 of its levels.

You collected 491 gold pieces.

Inventory:

Hand Weapons
 p - a +2 vorpal flail
 s - a +0 hand axe of flaming
 t - the +6 mace of Peril {vorpal, rPois Stlth+}
   (You found it on level 5 of the Dungeon)

   It inflicts extra damage upon your enemies.
   It protects you from poison.
   It makes you more stealthy.
 B - a +3 hunting sling of freezing
 O - the +8 spear of the Sage (weapon) {speed, rF+ Str+3}
   (You found it on level 8 of the Dungeon)

   Attacks with this weapon are significantly faster.
   It affects your strength (+3).
   It protects you from fire.
Missiles
 b - 312 stones (quivered)
 A - 34 sling bullets
Armour
 a - a +0 robe
 u - a +0 leather armour of magic resistance
 w - a +1 robe of cold resistance (worn)
 y - a +2 cloak of poison resistance (worn)
Jewellery
 z - an amulet of faith (around neck)
 K - an uncursed amulet of the acrobat {unknown}
 Q - a ring of protection from magic (left hand)
Wands
 x - a wand of clouds (5)
 I - a wand of iceblast (3)
 J - a wand of acid (7)
 S - a wand of random effects (17)
Scrolls
 e - 3 scrolls of immolation
 k - 4 scrolls of noise
 l - 6 scrolls of teleportation
 n - 2 scrolls of amnesia
 o - a scroll of enchant weapon
 r - 3 scrolls of enchant armour
 v - a scroll of blinking
 E - a scroll of fog {unknown}
 G - a scroll of random uselessness {unknown}
 H - a scroll of identify
 L - a scroll of remove curse {unknown}
 T - a scroll of fear {unknown}
Potions
 d - 2 potions of might {unknown}
 f - a potion of experience {unknown}
 g - 6 potions of brilliance {unknown}
 h - 2 potions of stabbing {unknown}
 i - 4 potions of curing
 j - 2 potions of lignification {unknown}
 m - 2 potions of heal wounds {unknown}
 q - a potion of resistance {unknown}
 C - 3 potions of flight {unknown}
 D - a potion of magic {unknown}
 F - a potion of ambrosia {unknown}
 M - a potion of mutation {unknown}
 N - 2 potions of degeneration {unknown}
 P - a potion of haste {unknown}
Comestibles
 c - 16 rations
 R - 12 chunks of flesh


   Skills:
 * Level 8.5 Dodging
 - Level 2.4 Stealth
 * Level 11.8 Spellcasting
 * Level 10.7 Conjurations
 - Level 5.0 Hexes
 - Level 5.0 Translocations
 + Level 5.0 Invocations
 + Level 5.0 Evocations


You had 22 spell levels left.
You knew the following spells:

 Your Spells              Type           Power        Failure   Level  Hunger
a - Magic Dart            Conj           ####         1%          1    None
b - Searing Ray           Conj           ######       1%          2    None
c - Fulminant Prism       Conj/Hex       ######....   1%          4    None
d - Iskenderun's Mystic   Conj/Tloc      ######..     1%          4    None

Your spell library contained the following spells:

 Spells                   Type           Power        Failure   Level  Hunger
 Dazzling Flash           Conj/Hex       ######       1%          3    None
 Freeze                   Ice            ##..         4%          1    None
 Hailstorm                Conj/Ice       #####...     4%          4    None
 Frozen Ramparts          Ice            ##....       13%         3    None
 Ozocubu's Armour         Chrm/Ice       ##......     13%         3    None
 Summon Ice Beast         Ice/Summ       ##......     41%         4    None


Dungeon Overview and Level Annotations

Branches:
Dungeon (9/15)             Temple (1/1) D:6
   Lair: D:8-11         Orc: D:9-12

Altars:
Ashenzari
Cheibriados
Dithmenos
Elyvilon
Fedhas
Gozag
Hepliaklqana
Kikubaaqudgha
Makhleb
Nemelex Xobeh
Okawaru
Qazlal
Ru
Sif Muna
Trog
Uskayaw
Vehumet
Wu Jian
Xom
Yredelemnul
Zin
The Shining One
Jiyva

Shops:
D:6 }   D:9 *

Annotations:
D:8 3 runed translucent doors, Grum; brob1's ghost, novice DrTm


Message History

You conjure a prism of explosive energy!
A fulminant prism comes into view.
The two-headed ogre closely misses you.
The two-headed ogre hits you with a cursed +0 giant club.
Your fulminant prism crackles loudly.
Your fulminant prism explodes!
The blast of energy engulfs the two-headed ogre!!
The two-headed ogre is severely wounded.
The blast of energy engulfs you!!
Ouch! That really hurt!
* * * LOW HITPOINT WARNING * * *
Casting: Fulminant Prism (dangerous; 1% risk of failure)
Confirm with . or Enter, or press ? or * to list all spells.
Aiming: Fulminant Prism (dangerous; 1% risk of failure)
Press: ? - help, Dir - move target cursor You conjure a prism of explosive energy!
A fulminant prism comes into view.
The two-headed ogre misses you.
The two-headed ogre hits you with a cursed +0 giant club!
You die...

####.### #..# ####'#
#.# ##'#### #.# #.#
#.....# #.# ##.#
#.....# #.# #..#
#.....# #.# #.##
#.....# #.# #.#
#.....# #.# #.#
#.....# #.# #.#
#)@...# #.# #.#
#*O...# #.# ..#
#.....# #.# .##
#.....# ##.# .
##'#### #(.# #....#
#.## ######'### #.#
#....*...#### #.#
##+####
#....)..))..#####'##


You could see a two-headed ogre and a friendly fulminant prism.

Vanquished Creatures
  A two-headed ogre (D:9)
  Pikel (D:6)
  Psyche (D:8)
  2 hippogriffs
  6 yaks (D:9)
  A water moccasin (D:7)
  Purgy (D:3)
  A black bear (D:5)
  An orc warrior (D:7)
  An eye of draining (D:9)
  4 slaves (D:6)
  3 ice beasts
  2 phantoms
  2 sky beasts
  11 ogres
  4 wolves (D:8)
  5 centaurs
  2 big kobolds (D:9)
  3 bullfrogs
  3 scorpions
  2 howler monkeys
  5 crimson imps
  A bullfrog zombie (D:7)
  4 jellies
  A centaur zombie (D:7)
  6 hounds
  Crazy Yiuf (D:5)
  2 centaur skeletons
  6 orc priests
  2 bullfrog skeletons (D:7)
  3 iguanas
  16 orc wizards
  Natasha (thrice) (D:3)
  6 worker ants
  A hound skeleton (D:5)
  A hound zombie (D:8)
  A worker ant zombie (D:9)
  9 adders
  11 gnolls
  3 shadow imps
  2 adder zombies
  2 adder skeletons (D:5)
  5 worms
  5 dart slugs
  10 leopard geckos
  24 orcs
  7 giant cockroaches
  6 goblins
  11 hobgoblins
  12 jackals
  7 quokkas
  A ball python (D:1)
  12 bats
  5 frilled lizards
  20 kobolds
  A leopard gecko skeleton (D:5)
  2 quokka skeletons (D:6)
  11 rats
  2 fulminant prisms (D:9)
284 creatures vanquished.

Vanquished Creatures (others)
  64 fulminant prisms
64 creatures vanquished.

Grand Total: 348 creatures vanquished

Notes
Turn   | Place    | Note
-------+----------+-------------------------------------------
     0 | D:1      | DerDa the Deep Elf Conjurer began the quest for the Orb.
     0 | D:1      | Reached XP level 1. HP: 10/10 MP: 6/6
   342 | D:1      | Reached XP level 2. HP: 15/15 MP: 4/8
   859 | D:1      | Reached skill level 4 in Spellcasting
   868 | D:1      | Learned a level 2 spell: Searing Ray
  1046 | D:1      | Reached skill level 5 in Conjurations
  1163 | D:1      | Reached XP level 3. HP: 19/19 MP: 8/10
  1959 | D:2      | Reached XP level 4. HP: 24/24 MP: 8/12
  2114 | D:2      | Learned a level 4 spell: Fulminant Prism
  2119 | D:2      | Learned a level 4 spell: Iskenderun's Mystic Blast
  2193 | D:3      | Noticed a sky beast
  2209 | D:3      | Killed a sky beast
  2209 | D:3      | Reached skill level 5 in Spellcasting
  2209 | D:3      | Reached skill level 1 in Hexes
  2209 | D:3      | Reached skill level 1 in Translocations
  2209 | D:3      | Reached XP level 5. HP: 19/28 MP: 1/14
  2360 | D:3      | Noticed Purgy
  2367 | D:3      | Killed Purgy
  2367 | D:3      | Reached XP level 6. HP: 18/32 MP: 6/16
  2640 | D:3      | Reached skill level 6 in Spellcasting
  3011 | D:3      | Noticed Natasha
  3014 | D:3      | Killed Natasha
  3252 | D:3      | Noticed Natasha
  3256 | D:3      | Killed Natasha
  3305 | D:3      | Noticed Natasha
  3308 | D:3      | Killed Natasha
  4230 | D:4      | Reached XP level 7. HP: 36/36 MP: 12/19
  4601 | D:5      | Entered Level 5 of the Dungeon
  4621 | D:5      | Reached skill level 7 in Spellcasting
  5079 | D:5      | Found an opulent altar of Gozag.
  5144 | D:5      | Got a smoking mace
  5144 | D:5      | Identified the +6 mace of Peril {vorpal, rPois Stlth+} (You
                  | found it on level 5 of the Dungeon)
  5152 | D:5      | Found a runed translucent door.
  5153 | D:5      | Noticed Crazy Yiuf
  5168 | D:5      | Killed Crazy Yiuf
  5168 | D:5      | Reached skill level 8 in Spellcasting
  5168 | D:5      | Reached XP level 8. HP: 27/41 MP: 15/22
  5463 | D:5      | Found a sacrificial altar of Ru.
  5468 | D:5      | Found a blossoming altar of Fedhas.
  5468 | D:5      | Found a white marble altar of Elyvilon.
  5470 | D:5      | Found a shimmering blue altar of Sif Muna.
  5470 | D:5      | Found an ornate altar of the Wu Jian Council.
  5487 | D:5      | Became a worshipper of Sif Muna the Loreminder
  5753 | D:5      | Reached skill level 1 in Invocations
  5836 | D:5      | Reached skill level 1 in Evocations
  6121 | D:5      | Found a hazy altar of Hepliaklqana.
  6122 | D:5      | Found a shimmering altar of Xom.
  6123 | D:5      | Noticed a spectral ugly thing
  6428 | D:5      | Reached skill level 9 in Spellcasting
  6453 | D:5      | Reached * piety under Sif Muna
  6461 | D:5      | Reached skill level 5 in Hexes
  6633 | D:5      | Reached XP level 9. HP: 45/45 MP: 18/24
  6844 | D:6      | Found a staircase to the Ecumenical Temple.
  6851 | Temple   | Entered the Ecumenical Temple
  7457 | D:6      | Reached ** piety under Sif Muna
  7487 | D:6      | Got a faintly glowing spear
  7487 | D:6      | Identified the +7 spear of Plague {vorpal, rF+} (You found
                  | it on level 6 of the Dungeon)
  7664 | D:6      | Noticed Pikel
  7676 | D:6      | Killed Pikel
  7676 | D:6      | Reached skill level 5 in Dodging
  7680 | D:6      | Reached skill level 10 in Spellcasting
  7680 | D:6      | Reached skill level 5 in Translocations
  7897 | D:6      | Found Uphuibli's Gadget Shop.
  8499 | D:7      | Reached XP level 10. HP: 50/50 MP: 21/26
  8893 | D:7      | Reached *** piety under Sif Muna
  9353 | D:8      | Noticed Psyche
  9357 | D:8      | Killed Psyche
  9831 | D:8      | Reached skill level 11 in Spellcasting
  9831 | D:8      | Reached skill level 10 in Conjurations
  9907 | D:8      | Noticed Grum
 10175 | D:8      | Found a runed translucent gate.
 10187 | D:8      | Reached **** piety under Sif Muna
 10205 | D:8      | Got a bloodstained spear
 10205 | D:8      | Identified the +8 spear of the Sage {speed, rF+ Str+3} (You
                  | found it on level 8 of the Dungeon)
 10364 | D:8      | Found a snail-covered altar of Cheibriados.
 10381 | D:8      | Found a runed translucent gate.
 10382 | D:8      | Found a runed translucent gate.
 10382 | D:8      | Noticed brob1's ghost (novice DrTm)
 10392 | D:8      | Found a viscous altar of Jiyva.
 10714 | D:9      | Found Annaewor's General Store.
 11498 | D:9      | Noticed a two-headed ogre
 11515 | D:9      | Killed a two-headed ogre
 11515 | D:9      | Reached skill level 5 in Invocations
 11515 | D:9      | Reached XP level 11. HP: 54/54 MP: 14/28
 11579 | D:9      | Reached skill level 5 in Evocations
 11608 | D:9      | Noticed a two-headed ogre
 11634 | D:9      | Mangled by a two-headed ogre

Illustrated notes

Levels and vault maps discovered:
D:1:      mrwooster_arrival_statue_2, layout_basic, hangedman_decor_lopped,
          st_stairs_7
D:2:      layout_rooms
D:3:      layout_basic, uniq_natasha, uniq_purgy
D:4:      layout_basic, first_ration
D:5:      kennysheep_windowed_halls, layout_basic,
          regret_index_temple_of_mockery, old_standard_altar,
          grunt_temple_overflow_open, uniq_crazy_yiuf_cottage
D:6:      layout_cave_pools, minmay_temple_entry_gardened_gates, serial_shops,
          shop, minmay_pentangle, uniq_pikel
D:7:      layout_basic
D:8:      layout_layer_cave, kennysheep_mini, gammafunk_ghost_ooze, uniq_psyche,
          uniq_grum
D:9:      layout_roguey, serial_shops, nicolae_shop_competitors_out_of_business
Temple:   nicolae_temple_figure_eight

Skill      XL: |  1  2  3  4  5  6  7  8  9 10 11 |
---------------+----------------------------------+-----
Spellcasting   | 4 5 6 8 9 10 11 | 11.8
Conjurations   | 5 6 7 8 9 10 | 10.7
Hexes          | 1 2 4 5 |  5.0
Translocations | 1 2 3 4 5 |  5.0
Invocations    | 2 3 5 |  5.0
Dodging        | 4 6 8 |  8.5
Evocations     | 1 3 4 5 |  5.0
Stealth        | |  2.4

Action                   |  1- 3 |  4- 6 |  7- 9 | 10-12 || total
-------------------------+-------+-------+-------+-------++-------
Melee: Mace              |       |       |     6 |       ||     6
       Spear             |       |       |     3 |    19 ||    22
Throw: Stone             |       |       |       |     1 ||     1
 Cast: Magic Dart        |    94 |   101 |   196 |   115 ||   506
       Searing Ray       |     1 |    11 |    26 |    16 ||    54
       Fulminant Prism   |       |     2 |    29 |    36 ||    67
  Use: Scroll            |       |       |     8 |       ||     8
       Potion            |       |       |     1 |       ||     1
  Eat: Chunk             |     3 |     7 |    11 |     9 ||    30
       Ration            |       |       |     1 |       ||     1
Armor: Robe              |     4 |     5 |    16 |    11 ||    36
       Leather armour    |       |       |     1 |       ||     1
Dodge: Dodged            |    12 |    21 |    39 |    34 ||   106
